 Dungeon Crawl Stone Soup version 0.31-a0-233-g139696dc86 (webtiles) character file.

Game seed: 16585560754619359663

41 Decritt the Trooper (level 3, -3/24 HPs)
             Began as a Gargoyle Fighter on July 9, 2023.
             Slain by Terence
             ... wielding a +0 morningstar
              (9 damage)
             ... on level 2 of the Dungeon.
             The game lasted 00:01:35 (802 turns).

Decritt the Trooper (Gargoyle Fighter)               Turns: 802, Time: 00:01:36

Health: -3/24      AC: 12    Str: 21    XL:     3   Next: 52%
Magic:  3/3        EV:  9    Int:  8    God:
Gold:   73         SH:  4    Dex:  9    Spells: 2/2 levels left

rFire   . . .        a - +0 flail
rCold   . . .        c - +0 buckler
rNeg    + . .        b - +0 scale mail
rPois   ∞            h - +2 hat
rElec   +            (no cloak)
rCorr   .            (no gloves)
SInv    .            (no boots)
Will    .....        (no amulet) Stlth
                     (no ring)
HPRegen 0.24/turn    (no ring)
MPRegen 0.08/turn

%: no passive effects
@: no status effects
A: sickness immunity, AC +3, negative energy resistance 1, electricity
resistance, torment resistance 1, petrification resistance
a: no special abilities


You were on level 2 of the Dungeon.
You visited 1 branch of the dungeon, and saw 2 of its levels.

You collected 73 gold pieces.

Inventory:

Hand Weapons
 a - a +0 flail (weapon)
Armour
 b - a +0 scale mail (worn)
 c - a +0 buckler (worn)
 e - a +0 helmet
 h - a +2 hat (worn)
Jewellery
 k - a ring of ice
Scrolls
 f - 2 scrolls of revelation {unknown}
 g - a scroll of immolation {unknown}
 i - a scroll of enchant weapon {unknown}
 l - a scroll of teleportation {unknown}
Potions
 d - a potion of might
 j - a potion of heal wounds {unknown}


   Skills:
 * Level 3.9 Fighting
 * Level 2.7 Maces & Flails
 + Level 3.6 Armour
 + Level 3.5 Shields


You had 2 spell levels left.
You didn't know any spells.
Your spell library contained the following spells:

 Spells                   Type           Power      Damage    Failure   Level
 Necrotise                Necr           0%         1d4       82%         1
 Vampiric Draining        Necr           0%         2d6       99%         3
 Agony                    Necr           0%         N/A       100%        5


Dungeon Overview and Level Annotations

Branches:
Dungeon (2/15)

Altars:

Annotations:
D:2 Terence


Innate Abilities, Weirdness & Mutations

You are immune to sickness and miasma.
Your stone body is resilient. (AC +3)
You are immune to poison.
You resist negative energy. (rN+)
You are resistant to electric shocks. (rElec)
You are resistant to unholy torment.
You are immune to petrification.


Message History

You block the kobold's attack. The kobold barely misses you.
The goblin hits you but does no damage.
Terence drinks a potion.
Terence seems to speed up.
You closely miss the goblin. The kobold hits you with a +0 whip.
The goblin hits you but does no damage.
You thump the goblin!
You kill the goblin!
The kobold hits you with a +0 whip.
The kobold throws a stone.
The stone barely misses you.
Things that are here:
a +0 dagger; a +0 dagger; a goblin corpse The kobold misses you.
You closely miss the kobold.
The kobold is moderately wounded.
The kobold closely misses you. Terence says, "How do you enjoy it?"
The kobold hits you with a +0 whip.
* * * LOW HITPOINT WARNING * * *
Terence looks scornfully at you.
The kobold throws a stone.
The stone closely misses you.
The kobold throws a stone.
The stone closely misses you.
The kobold throws a stone.
You block the stone. The kobold hits you but does no damage.
You closely miss the kobold. You block the kobold's attack.
You sock the kobold!
You kill the kobold!
Terence hits you with a +0 morningstar.
You completely miss Terence. Terence closely misses you. x2
Terence hits you but does no damage.
You closely miss Terence. Terence hits you with a +0 morningstar.
* * * LOW HITPOINT WARNING * * *
You sock Terence!
Terence is heavily wounded.
Terence closely misses you. Terence hits you with a +0 morningstar.
* * * LOW HITPOINT WARNING * * *
You hit Terence.
Terence is severely wounded.
Terence hits you with a +0 morningstar!
You die...

####### #.....#
#########.###.#
#..@@.....# #.#
#.#######.###.#
# #.# #.....# #.
#K# ##...##
#.##@#
##.....###
#.#..#.##
#........##
#....)..#
#...........####
#.#####.#
#.#....#...#>...
.# #
##...#####....


You could see Terence (fast).

Vanquished Creatures
  A dart slug (D:1)
  3 ball pythons
  A bat (D:1)
  7 endoplasms
  A giant cockroach (D:2)
  5 goblins
  3 hobgoblins
  2 kobolds
  2 quokkas (D:1)
  8 frilled lizards
  A rat (D:2)
34 creatures vanquished.

Notes
Turn   | Place    | Note
-------+----------+-------------------------------------------
     0 | D:1      | Decritt the Gargoyle Fighter began the quest for the Orb.
     0 | D:1      | Reached XP level 1. HP: 14/14 MP: 1/1
    87 | D:1      | Reached XP level 2. HP: 19/19 MP: 2/2
   227 | D:1      | Reached XP level 3. HP: 24/24 MP: 3/3
   777 | D:2      | Noticed Terence
   802 | D:2      | Slain by Terence

Illustrated notes

Levels and vault maps discovered:
D:1:      wander_arrival_abandoned_jail, layout_rooms, kennysheep_nondescript,
          amcnicky_mini_corridor_feature, minmay_misc_feat_alley
D:2:      layout_loops_ring, nicolae_figureground_sparkle, uniq_terence

Action                     || total
---------------------------++-------
  Melee: Flail             ||    99
 Armour: Scale mail        ||    65
  Dodge: Dodged            ||    47
  Block: Buckler           ||    27

Table legend: (Time is in decaauts)
 A = Elapsed time spent in this place.
 B = Non-inter-level travel time spent in this place.
 C = Inter-level travel time spent in this place.
 D = Time resting spent in this place.
 E = Time spent auto-exploring this place.
 F = Levels seen in this place.
 G = Mean time per level.
                   A        B        C        D        E       F      G
               +--------+--------+--------+--------+--------+-----+--------+
         Total |    832 |    807 |     25 |      0 |    524 |   2 |  416.0 |
       Dungeon |    832 |    807 |     25 |      0 |    524 |   2 |  416.0 |
               +--------+--------+--------+--------+--------+-----+--------+

Top non-repeatable levels by time:
     D:1: 519 daAuts
     D:2: 313 daAuts
